[Event "Ruy Lopez U1400"]
[Site "Gatineau CAN"]
[Date "2022.12.06"]
[Round "6"]
[White "Albert, Michel"]
[Black "Gratton, Marcel"]
[Result "1-0"]
[ECO "D00"]
[WhiteElo "1253"]
[BlackElo "1102"]
[PlyCount "93"]
[EventDate "2022.11.01"]
[EventType "swiss"]
[EventRounds "7"]
[EventCountry "CAN"]
[TimeControl "60+30"]

1. d4 d5 2. Bf4 Nc6 3. c3 e6 4. e3 Bd6 5. Bg3 Bxg3 6. hxg3 Nf6 7. Nd2 a6 8.
Ngf3 h6 9. a4 b6 10. Bd3 a5 11. Nb1 Ba6 12. Bxa6 Rxa6 13. Na3 Qd7 14. Qd3 Ra8
15. Nh4 Ne4 16. Nb1 Ne7 17. Qb5 Qxb5 18. axb5 Nd6 19. Na3 O-O 20. Rc1 Rac8 21.
Nf3 f6 22. Nd2 c5 23. O-O Nef5 24. c4 cxd4 25. c5 dxe3 26. fxe3 Nxe3 27. Rfe1
Nef5 28. cxd6 Rxc1 29. Rxc1 Nxg3 30. Rc6 Rb8 31. d7 Rd8 32. Rc8 Rxc8 33.
dxc8=Q+ Kh7 34. Qc7 e5 35. Qxb6 d4 36. Qxa5 e4 37. Nac4 d3 38. Qa1 f5 39. b6 f4
40. b7 e3 41. b8=Q Ne2+ 42. Kh2 exd2 43. Nxd2 g5 44. Qaa7+ Kg6 45. Qe8+ Kf5 46.
Qb5+ Kg6 47. Qxd3+ 1-0

[Event "Ruy Lopez U1400"]
[Site "Gatineau CAN"]
[Date "2022.12.06"]
[Round "6"]
[White "Boutin, Michel"]
[Black "Arvisais, Eric"]
[Result "0-1"]
[ECO "B12"]
[WhiteElo "1129"]
[BlackElo "1190"]
[PlyCount "72"]
[EventDate "2022.11.01"]
[EventType "swiss"]
[EventRounds "7"]
[EventCountry "CAN"]
[TimeControl "60+30"]

1. e4 d5 2. d4 c6 3. e5 Bf5 4. Nf3 Nd7 5. Nc3 e6 6. a3 Ne7 7. Bg5 g6 8. a4 a5
9. Bd3 Qb6 10. b3 h6 11. Bh4 g5 12. Bg3 c5 13. Bxf5 Nxf5 14. Nb5 cxd4 15. Nfxd4
Nxg3 16. hxg3 Nxe5 17. O-O Nc6 18. Qh5 Nxd4 19. Nxd4 Qxd4 20. Rab1 Bc5 21. Rbe1
e5 22. Rd1 Qe4 23. Rfe1 Qg6 24. Rxe5+ Kf8 25. Qf3 Rd8 26. Rexd5 Rxd5 27. Qxd5
Qb6 28. Qe5 Bxf2+ 29. Kh2 Rg8 30. Qb8+ Kg7 31. Qe5+ Qf6 32. Qxa5 b6 33. Qd2 Bc5
34. a5 bxa5 35. Qxa5 Bb6 36. Qb4 Rb8 0-1

[Event "Ruy Lopez U1400"]
[Site "Gatineau CAN"]
[Date "2022.12.06"]
[Round "6"]
[White "Chenard, Paul"]
[Black "Laflamme, Mathieu"]
[Result "0-1"]
[ECO "A00"]
[WhiteElo "993"]
[BlackElo "950"]
[PlyCount "100"]
[EventDate "2022.11.01"]
[EventType "swiss"]
[EventRounds "7"]
[EventCountry "CAN"]
[TimeControl "1"]

1. e3 d5 2. Nc3 c6 3. d4 Nf6 4. h3 Bf5 5. g4 Bg6 6. Nf3 e6 7. Nb5 cxb5 8. Bxb5+
Nc6 9. Ne5 Qa5+ 10. Bd2 Qxb5 11. b3 Bb4 12. c3 Bd6 13. c4 dxc4 14. Nxc4 Ne4 15.
Nxd6+ Nxd6 16. a4 Qd3 17. Rc1 Ne4 18. Rf1 Nxd2 19. Qxd2 Qxb3 20. Qc3 Qxc3+ 21.
Rxc3 O-O 22. f4 f5 23. Kd2 fxg4 24. hxg4 Rac8 25. Rfc1 h6 26. a5 a6 27. Rc5 Be4
28. g5 hxg5 29. Rxg5 Rf5 30. Rg6 Ne7 31. Rxe6 Rxc1 32. Kxc1 Nc6 33. Rxe4 Rxa5
34. Kd2 Rb5 35. Re8+ Kf7 36. Re4 a5 37. f5 a4 38. Kc2 a3 39. Rf4 a2 40. Rf1 Kf6
41. Ra1 Ra5 42. Kb2 Kxf5 43. Rxa2 Rxa2+ 44. Kxa2 Ke4 45. Kb3 Nxd4+ 46. exd4
Kxd4 47. Kb4 g5 48. Kb5 g4 49. Kb6 g3 50. Kxb7 g2 0-1

[Event "Ruy Lopez U1400"]
[Site "Gatineau CAN"]
[Date "2022.12.06"]
[Round "6"]
[White "Gratton, Constant"]
[Black "Gagne, Learry"]
[Result "1/2-1/2"]
[ECO "C15"]
[WhiteElo "1252"]
[BlackElo "1132"]
[PlyCount "129"]
[EventDate "2022.11.01"]
[EventType "swiss"]
[EventRounds "7"]
[EventCountry "CAN"]
[TimeControl "60+30"]

1. e4 e6 2. d4 d5 3. Nc3 Bb4 4. a3 Bxc3+ 5. bxc3 b6 6. Bd3 Ne7 7. Nf3 O-O 8.
O-O c5 9. e5 Nbc6 10. Bg5 c4 11. Be2 Qc7 12. Qd2 Nf5 13. Qf4 f6 14. exf6 Qxf4
15. Bxf4 Rxf6 16. Bg5 Rf8 17. Ne5 Nxe5 18. dxe5 h6 19. g4 hxg5 20. gxf5 exf5
21. f4 g4 22. Rad1 Be6 23. Kg2 g6 24. Kg3 Kg7 25. h3 gxh3 26. Kxh3 Rh8+ 27. Kg3
Rh6 28. Bf3 Rah8 29. Rh1 Rxh1 30. Bxh1 Rd8 31. Bf3 Kh6 32. Rh1+ Kg7 33. Rb1 Kh6
34. Rd1 g5 35. Rh1+ Kg7 36. fxg5 d4 37. Rd1 d3 38. cxd3 Rxd3 39. Rxd3 cxd3 40.
Kf4 d2 41. Ke3 Kg6 42. Kxd2 Kxg5 43. Ke3 Bf7 44. Kd4 Kf4 45. Bd5 Bh5 46. e6 Kg3
47. e7 f4 48. Bb7 f3 49. Ba6 Kg2 50. Kd5 f2 51. a4 f1=Q 52. Bxf1+ Kxf1 53. Kc6
Ke2 54. Kb7 Kd3 55. Kxa7 Be8 56. Kxb6 Bxa4 57. Ka5 Be8 58. Kb4 Ke4 59. Kc5 Ke5
60. c4 Ke6 61. Kb6 Kxe7 62. c5 Kd8 63. Kb7 Bd7 64. c6 Bxc6+ 65. Kxc6 1/2-1/2

[Event "Ruy Lopez U1400"]
[Site "Gatineau CAN"]
[Date "2022.12.06"]
[Round "6"]
[White "Paradis, Emile"]
[Black "Godbout, Elliott"]
[Result "0-1"]
[ECO "C50"]
[WhiteElo "1340"]
[BlackElo "1370"]
[PlyCount "112"]
[EventDate "2022.11.01"]
[EventType "swiss"]
[EventRounds "7"]
[EventCountry "CAN"]
[TimeControl "60+30"]

1. e4 e5 2. Nf3 Nc6 3. Bc4 h6 4. d4 exd4 5. Nxd4 Bc5 6. Nxc6 bxc6 7. Nc3 d6 8.
a3 Nf6 9. O-O O-O 10. b4 Bb6 11. Bb2 Be6 12. Bd3 Ng4 13. Qd2 Qh4 14. h3 Ne5 15.
Ne2 Bxh3 16. Bxe5 Bxg2 17. Kxg2 dxe5 18. f3 Qg5+ 19. Qxg5 hxg5 20. c4 Rad8 21.
Rad1 Bd4 22. Bc2 c5 23. Rh1 Bb2 24. bxc5 Bxa3 25. Rh5 f6 26. c6 Rxd1 27. Bxd1
Rd8 28. Rh1 Rd6 29. Ba4 Rd2 30. Kf2 Bc5+ 31. Ke1 Ra2 32. Nc3 Bb4 33. Kf1 Bxc3
34. Bb3 Ra1+ 35. Kg2 Rxh1 36. c5+ Kf8 37. Kxh1 Bd4 38. Bc2 Bxc5 39. Bd3 a5 40.
Bc2 Ke7 41. Kg2 Kd6 42. Kg3 Kxc6 43. Ba4+ Kd6 44. Kg4 Be3 45. Kf5 c5 46. Bb3
Kc6 47. Kg6 Kb5 48. Kxg7 c4 49. Bc2 Kb4 50. Kxf6 Bf4 51. Ke6 a4 52. Kd5 a3 53.
Bb1 Kb3 54. Kc5 c3 55. Kb5 c2 56. Bxc2+ Kxc2 0-1

[Event "Ruy Lopez U1400"]
[Site "Gatineau CAN"]
[Date "2022.12.13"]
[Round "7"]
[White "Arvisais, Eric"]
[Black "Albert, Michel"]
[Result "1-0"]
[ECO "A85"]
[WhiteElo "1190"]
[BlackElo "1253"]
[PlyCount "53"]
[EventDate "2022.11.01"]
[EventType "swiss"]
[EventRounds "7"]
[EventCountry "CAN"]
[TimeControl "60+30"]

1. d4 f5 2. c4 Nf6 3. Bg5 e6 4. Nc3 Be7 5. e3 O-O 6. Bd3 d6 7. Nf3 Bd7 8. O-O
Na6 9. Qb3 Qe8 10. Qxb7 Bc8 11. Qxa8 Nb4 12. Rfd1 Nc6 13. Bxf6 Bxf6 14. d5 exd5
15. cxd5 Ne5 16. Nxe5 Bxe5 17. f4 Bf6 18. Qxa7 Qe7 19. Re1 g6 20. Nb5 Bxb2 21.
Rab1 Bg7 22. Qxc7 Bd7 23. Qxd6 Qd8 24. a4 Rf6 25. Qc7 Qc8 26. d6 Bxb5 27. Qxc8+
1-0

[Event "Ruy Lopez U1400"]
[Site "Gatineau CAN"]
[Date "2022.12.13"]
[Round "7"]
[White "Gagne, Learry"]
[Black "Chenard, Paul"]
[Result "1-0"]
[ECO "D07"]
[WhiteElo "1132"]
[BlackElo "993"]
[PlyCount "79"]
[EventDate "2022.11.01"]
[EventType "swiss"]
[EventRounds "7"]
[EventCountry "CAN"]
[TimeControl "60+30"]

1. d4 Nf6 2. c4 Nc6 3. Nc3 d5 4. e3 e5 5. c5 exd4 6. exd4 Qe7+ 7. Qe2 Nxd4 8.
Qxe7+ Bxe7 9. Bd3 O-O 10. b4 a6 11. Nge2 Re8 12. Be3 Nxe2 13. Kxe2 Bg4+ 14. f3
Bh5 15. g4 Nxg4 16. fxg4 Bxg4+ 17. Kd2 d4 18. Bxd4 Bg5+ 19. Kc2 Rad8 20. Rhe1
Re7 21. Rxe7 Bxe7 22. Be5 Rd7 23. Rg1 h5 24. h3 f6 25. hxg4 fxe5 26. gxh5 Bf6
27. Be4 c6 28. Bf5 Rd4 29. Ne4 Rc4+ 30. Kb3 b5 31. Be6+ Kf8 32. Bxc4 bxc4+ 33.
Kxc4 Be7 34. a4 Kf7 35. b5 cxb5+ 36. axb5 axb5+ 37. Kxb5 Bd8 38. Kc6 Kf8 39.
Kd7 Be7 40. c6 1-0

[Event "Ruy Lopez U1400"]
[Site "Gatineau CAN"]
[Date "2022.12.13"]
[Round "7"]
[White "Godbout, Elliott"]
[Black "Carabineanu, Marcel"]
[Result "1-0"]
[ECO "D07"]
[WhiteElo "1370"]
[BlackElo "1246"]
[PlyCount "69"]
[EventDate "2022.11.01"]
[EventType "swiss"]
[EventRounds "7"]
[EventCountry "CAN"]
[TimeControl "60+30"]

1. d4 d5 2. c4 e6 3. e3 Nf6 4. Nf3 Bd6 5. Nc3 Nc6 6. a3 O-O 7. Bd3 b6 8. O-O
Bb7 9. cxd5 exd5 10. Qc2 g6 11. b4 a6 12. Bb2 Ne7 13. Rfe1 Re8 14. Rac1 b5 15.
h3 c6 16. e4 dxe4 17. Bxe4 Nxe4 18. Nxe4 Nd5 19. Nc5 Bc8 20. Nb3 Bd7 21. Na5
Rc8 22. Nb7 Qc7 23. Nc5 Rxe1+ 24. Rxe1 Ra8 25. Rc1 Bf5 26. Qd1 a5 27. Qb3 a4
28. Qd1 Re8 29. Nd3 Be4 30. Nde5 f6 31. Rxc6 Qe7 32. Nd3 Bxf3 33. Qxf3 f5 34.
Qxd5+ Kg7 35. Qxd6 1-0

[Event "Ruy Lopez U1400"]
[Site "Gatineau CAN"]
[Date "2022.12.13"]
[Round "7"]
[White "Laflamme, Mathieu"]
[Black "Boutin, Michel"]
[Result "1-0"]
[ECO "D06"]
[WhiteElo "950"]
[BlackElo "1129"]
[PlyCount "55"]
[EventDate "2022.11.01"]
[EventType "swiss"]
[EventRounds "7"]
[EventCountry "CAN"]
[TimeControl "60+30"]

1. d4 d5 2. c4 Nf6 3. Nc3 Bf5 4. Bf4 a6 5. e3 e6 6. Nf3 Bd6 7. Bxd6 Qxd6 8. c5
Qe7 9. Qb3 c6 10. Ne5 O-O 11. Be2 Qc7 12. Na4 Ra7 13. O-O a5 14. Qb6 Qxb6 15.
cxb6 Ra8 16. h3 Nbd7 17. Nxd7 Nxd7 18. Rac1 Rfe8 19. Nc5 Nxb6 20. Nxb7 Rec8 21.
Nd6 Rc7 22. Nxf5 exf5 23. b3 Re8 24. Bd3 g6 25. Rc5 a4 26. Ra5 axb3 27. axb3
Ra8 28. b4 1-0

[Event "Winnipeg TNT 2022.10"]
[Site "Winnipeg CAN"]
[Date "2022.10.11"]
[Round "2.2"]
[White "March, John"]
[Black "Magnusson, Saul"]
[Result "0-1"]
[ECO "A30"]
[WhiteElo "1072"]
[BlackElo "2036"]
[PlyCount "66"]
[EventDate "2022.10.04"]
[EventType "swiss"]
[EventRounds "4"]
[EventCountry "CAN"]
[TimeControl "90+5"]

1. c4 g6 2. g3 c5 3. Bg2 Bg7 4. Nf3 Nc6 5. O-O d6 6. e3 Bf5 7. Nc3 Bd3 8. Re1
Bxc4 9. Qa4 Be6 10. Ng5 Bd7 11. Qc4 Nh6 12. a3 Ne5 13. Qe4 Bc6 14. Qf4 Nd3 15.
Bxc6+ bxc6 16. Qe4 Nxe1 17. Qxc6+ Kf8 18. Rb1 Nd3 19. b4 Nxc1 20. Rxc1 Rc8 21.
Qb7 Qc7 22. Qf3 Bf6 23. Nce4 Qc6 24. Qf4 Qd5 25. d4 Qf5 26. b5 Qxf4 27. exf4
Bxd4 28. Rb1 Ng4 29. h3 Nf6 30. Nxf6 Bxf6 31. a4 Rb8 32. a5 Bc3 33. a6 Bb4 0-1

[Event "Winnipeg TNT 2022.10"]
[Site "Winnipeg CAN"]
[Date "2022.10.18"]
[Round "3.2"]
[White "Magnusson, Saul"]
[Black "Einarsson, Ken"]
[Result "1-0"]
[ECO "B11"]
[WhiteElo "2036"]
[BlackElo "1798"]
[PlyCount "89"]
[EventDate "2022.10.04"]
[EventType "swiss"]
[EventRounds "4"]
[EventCountry "CAN"]
[TimeControl "90+5"]

1. e4 c6 2. Nc3 d5 3. Nf3 Bg4 4. h3 Bh5 5. g4 Bg6 6. exd5 cxd5 7. Bb5+ Nc6 8.
d4 e6 9. Ne5 Nge7 10. h4 a6 11. Bxc6+ bxc6 12. h5 Be4 13. Nxe4 dxe4 14. Be3 Qd5
15. Qd2 f6 16. c4 Qd6 17. Bf4 fxe5 18. Bxe5 Qd7 19. f3 exf3 20. O-O Nd5 21.
cxd5 Qxd5 22. Qf4 c5 23. Rxf3 Ra7 24. Rc1 Rd7 25. Rcf1 Bd6 26. Bxd6 Qxd6 27.
Qxd6 Rxd6 28. dxc5 Rd5 29. Rf7 Rxc5 30. Ra7 Rd5 31. Re1 O-O 32. Rxe6 Rd1+ 33.
Kg2 Rd2+ 34. Kg3 Rxb2 35. Ree7 Rd8 36. Rxg7+ Kf8 37. Rxh7 Rd3+ 38. Kf4 Kg8 39.
Rhe7 Rb4+ 40. Re4 Rdd4 41. Rxd4 Rxd4+ 42. Kf5 Ra4 43. g5 Rxa2 44. Kf6 Rf2+ 45.
Kg6 1-0